 Dungeon Crawl Stone Soup version 0.22-a0-848-ge9e22a0 (webtiles) character file.

5340 jjfam the Fighter (level 10, -8/97 HPs)
             Began as a Hill Orc Fighter on July 26, 2018.
             Was a Follower of Ashenzari.
             Mangled by a two-headed ogre
             ... wielding a +0 dire flail
              (11 damage)
             ... on level 7 of the Dungeon.
             The game lasted 00:26:50 (9285 turns).

jjfam the Fighter (Hill Orc Fighter)                Turns: 9285, Time: 00:26:51

Health: -8/97      AC: 17    Str: 27    XL:     10   Next: 65%
Magic:  10/10      EV:  6    Int:  8    God:    Ashenzari [*.....]
Gold:   482        SH: 12    Dex: 11    Spells: 9/9 levels left

rFire    . . .     SeeInvis .   a - +0 war axe
rCold    . . .     Gourm    .   c - +0 shield
rNeg     . . .     Faith    .   t - +0 plate armour
rPois    .         Spirit   .   (no helmet)
rElec    .         Reflect  .   (no cloak)
rCorr    +         Harm     .   l - +0 pair of gloves
MR       .....                  p - +1 pair of boots
Stlth    ..........             (no amulet)
HPRegen  0.26/turn              n - ring of resist corrosion
MPRegen  0.12/turn              (no ring)

@: mighty
A: no striking features
a: Curse Item, Scrying, Renounce Religion


You were on level 7 of the Dungeon.
You worshipped Ashenzari.
Ashenzari was aware of your devotion.
You were not hungry.

You visited 2 branches of the dungeon, and saw 9 of its levels.

You collected 482 gold pieces.

Inventory:

Hand Weapons
 a - a +0 war axe (weapon)
Armour
 c - a +0 shield (worn)
 l - a +0 pair of gloves (worn)
 p - a +1 pair of boots (worn)
 t - a +0 plate armour (worn)
Jewellery
 n - a ring of resist corrosion (left hand)
Wands
 g - a wand of flame (9)
 s - a wand of polymorph (10)
 v - a wand of digging (5)
Scrolls
 b - a scroll of fog
 h - 6 scrolls of remove curse
 o - 7 scrolls of identify
 x - a scroll of amnesia {unknown}
 y - a scroll of magic mapping {unknown}
Potions
 d - 2 potions of might
 e - 2 potions of mutation {unknown}
 i - 4 potions of curing
 j - 3 potions of heal wounds
 k - 3 potions of lignification {unknown}
 m - 3 potions of brilliance {unknown}
 q - 3 potions of degeneration {unknown}
 r - 2 potions of haste {unknown}
 u - a potion of agility {unknown}
 w - a potion of cancellation {unknown}
 A - a potion of resistance {unknown}
Comestibles
 f - 6 rations
 z - 7 chunks of flesh


   Skills:
 * Level 11.8 Fighting
 + Level 9.6 Axes
 + Level 8.4 Armour
 + Level 8.4 Shields


You had 9 spell levels left.
You didn't know any spells.
Your spell library was empty.

Dungeon Overview and Level Annotations

Branches:
Dungeon (8/15)             Temple (1/1) D:7            Lair (0/6) D:8

Altars:
Ashenzari
Cheibriados
Dithmenos
Fedhas
Gozag
Hepliaklqana
Kikubaaqudgha
Makhleb
Nemelex Xobeh
Okawaru
Qazlal
Ru
Sif Muna
Uskayaw
Vehumet
Wu Jian
Xom
Yredelemnul
Zin
The Shining One

Annotations:
D:7 2 transporters


Message History

* * * LOW HITPOINT WARNING * * *
The basilisk gazes at you. You resist with some effort.
There is an escape hatch in the ceiling here.
The hippogriff bites you but does no damage.
The hippogriff pecks you but does no damage.
You block the hippogriff's attack.
The two-headed ogre hits you but does no damage.
You block the two-headed ogre's attack. A mysterious force pulls you upwards.
The hatch slams shut behind you.
Level annotation: 2 transporters You feel very mighty all of a sudden.
The hippogriff bites you but does no damage.
The hippogriff pecks you but does no damage.
The hippogriff claws you.
* * * LOW HITPOINT WARNING * * *
The two-headed ogre hits you with a dire flail!
* * * LOW HITPOINT WARNING * * *
The two-headed ogre hits you with a giant spiked club!
You die...

.#.##......##.#.#......#####.####
.................................
...........##...#.....######.####
.....####..#...##.#.#.######.###
.....# ##.#...##.#............#
.....# #........#.#..........#
.....# #....#####.#..........#
.....# ##.#.#####.#..........#
.....# #.....H@O...####.(..###
.....# #....#####..# #.####
..#### ###.######..####.##### ..#
#..........#........# ..#
#######.#.#####.##........# ..#
#......)((## #.##........#
######.....<...# #.##........#
.....#.....(.#.## #.##........#
.....#.......#..# #.##........#


You could see a two-headed ogre and a hippogriff.

Vanquished Creatures
  Pikel (D:6)
  Prince Ribbit (D:7)
  Grinder (D:6)
  10 yaks
  Menkaure (D:7)
  A porcupine (D:8)
  Duvessa (D:5)
  A hornet zombie (D:7)
  A sky beast (D:6)
  3 ice beasts
  3 phantoms
  4 ogres
  4 centaurs
  A crocodile (D:8)
  A big kobold (D:7)
  A bullfrog (D:6)
  Dowan (D:5)
  A gnoll sergeant (D:5)
  A water moccasin zombie (D:5)
  3 scorpions
  A howler monkey (D:4)
  A bullfrog zombie (D:5)
  2 crimson imps (D:5)
  A centaur zombie (D:5)
  An orc wizard (D:2)
  2 centaur skeletons
  A bullfrog skeleton (D:7)
  3 iguanas
  4 hounds
  4 worker ants
  A hound zombie (D:7)
  A howler monkey zombie (D:5)
  8 adders
  13 gnolls
  A shadow imp (D:5)
  An ooze (D:1)
  An adder skeleton (D:8)
  An adder zombie (D:8)
  A worm (D:5)
  2 dart slugs (D:2)
  2 leopard geckos
  14 orcs
  6 giant cockroaches
  9 goblins
  7 hobgoblins
  A ball python (D:3)
  11 bats
  4 frilled lizards
  A giant cockroach zombie (D:6)
  15 kobolds
  A leopard gecko skeleton (D:5)
  12 rats
174 creatures vanquished.

Vanquished Creatures (others)
  17 plants
17 creatures vanquished.

Grand Total: 191 creatures vanquished

Notes
Turn   | Place    | Note
-------+----------+-------------------------------------------
     0 | D:1      | jjfam the Hill Orc Fighter began the quest for the Orb.
     0 | D:1      | Reached XP level 1. HP: 19/19 MP: 1/1
   163 | D:1      | Reached XP level 2. HP: 27/27 MP: 2/2
   554 | D:1      | Reached skill level 4 in Fighting
   589 | D:1      | Reached XP level 3. HP: 30/33 MP: 3/3
   800 | D:2      | Found a hazy altar of Hepliaklqana.
  1049 | D:2      | Found a shattered altar of Ashenzari.
  1072 | D:2      | Became a worshipper of Ashenzari the Shackled
  1123 | D:2      | Reached XP level 4. HP: 40/40 MP: 4/4
  1472 | D:3      | Reached XP level 5. HP: 46/47 MP: 5/5
  2021 | D:3      | Found a stormy altar of Qazlal.
  2206 | D:3      | Reached skill level 5 in Fighting
  2358 | D:4      | Reached XP level 6. HP: 53/56 MP: 6/6
  3151 | D:5      | Entered Level 5 of the Dungeon
  3239 | D:5      | Noticed Duvessa
  3239 | D:5      | Noticed Dowan
  3250 | D:5      | Reached skill level 5 in Axes
  3260 | D:5      | Killed Duvessa
  3260 | D:5      | Reached skill level 6 in Fighting
  3260 | D:5      | Reached skill level 5 in Armour
  3260 | D:5      | Reached XP level 7. HP: 23/63 MP: 7/7
  3261 | D:5      | Killed Dowan
  3261 | D:5      | Reached skill level 5 in Shields
  3702 | D:5      | Reached skill level 7 in Fighting
  4022 | D:5      | Found a snail-covered altar of Cheibriados.
  4278 | D:5      | Noticed a yak
  4297 | D:5      | Reached XP level 8. HP: 52/73 MP: 8/8
  4310 | D:5      | Killed a yak
  4538 | D:5      | Noticed a yak
  4541 | D:5      | Noticed a yak
  4542 | D:5      | Noticed a yak
  4543 | D:5      | Noticed a yak
  4544 | D:5      | Noticed a yak
  4565 | D:4      | Killed a yak
  4565 | D:4      | Reached skill level 8 in Fighting
  5064 | D:5      | Found an iron altar of Okawaru.
  5066 | D:5      | Found a sparkling altar of Nemelex Xobeh.
  5150 | D:5      | Reached * piety under Ashenzari
  5466 | D:3      | Killed a yak
  5789 | D:4      | Killed a yak
  5794 | D:4      | Killed a yak
  5794 | D:4      | Reached skill level 9 in Fighting
  5794 | D:4      | Reached XP level 9. HP: 33/83 MP: 9/9
  6429 | D:5      | Found a shimmering altar of Xom.
  6430 | D:5      | Found a burning altar of Makhleb.
  6493 | D:6      | Noticed Grinder
  6512 | D:6      | Paralysed by Grinder for 6 turns
  6520 | D:6      | Killed Grinder
  6745 | D:6      | Reached skill level 10 in Fighting
  6957 | D:6      | Found a snail-covered altar of Cheibriados.
  6965 | D:6      | Found a glowing silver altar of Zin.
  7189 | D:6      | Found a basalt altar of Yredelemnul.
  7245 | D:6      | Noticed Pikel
  7266 | D:6      | Killed Pikel
  7593 | D:7      | Reached XP level 10. HP: 88/94 MP: 10/10
  7650 | D:7      | Noticed Prince Ribbit
  7716 | D:7      | Killed Prince Ribbit
  7716 | D:7      | Reached skill level 11 in Fighting
  7981 | D:7      | Found an ancient bone altar of Kikubaaqudgha.
  7983 | D:7      | Noticed a cyclops
  7994 | D:7      | Found a transporter.
  8013 | D:7      | Found a transporter.
  8081 | D:7      | Found a staircase to the Ecumenical Temple.
  8092 | Temple   | Entered the Ecumenical Temple
  8719 | D:7      | Noticed Menkaure
  8722 | D:7      | Killed Menkaure
  9241 | D:8      | Found a staircase to the Lair.
  9241 | D:8      | Noticed a two-headed ogre
  9285 | D:7      | HP: 3/97 [two-headed ogre/dire flail (11)]
  9285 | D:7      | Mangled by a two-headed ogre

Vault maps used:
D:1:      minmay_arrival_three_doors
D:2:      nicolae_overflow_crystal_walls, old_standard_altar, first_ration,
          hangedman_decor_clover_reticule
D:3:      nicolae_qazlal_eye_of_the_storm
D:4:      cheibrodos_gnoll_hut
D:5:      grunt_temple_overflow_champion_of_chaos, kennysheep_little_box,
          gammafunk_temple_overflow_statue, uniq_duvessa
D:6:      basic_altar, minmay_misc_feat_four_crosses, hangedman_feature_mirror,
          minmay_liquid_box, serial_bayou_pond_c, kennysheep_generic_room_11,
          uniq_grinder, uniq_pikel
D:7:      gammafunk_temple_overflow_arena, lemuel_temple_firewalk_b,
          uniq_menkaure, uniq_prince_ribbit1
D:8:      elyvilon_altar_1, minmay_lair_entry_grove, uniq_grum
Temple:   minmay_temple_curvy_loop

Skill      XL: |  1  2  3  4  5  6  7  8  9 10 |
---------------+-------------------------------+-----
Axes           | 3 4 5 6 7 8 9 |  9.6
Fighting       | 4 5 6 7 9 10 11 | 11.8
Armour         | 4 5 6 7 8 |  8.4
Shields        | 4 5 6 7 8 |  8.4

Action                   |  1- 3 |  4- 6 |  7- 9 | 10-12 || total
-------------------------+-------+-------+-------+-------++-------
Melee: War axe           |   126 |   142 |   295 |   163 ||   726
  Use: Scroll            |       |     6 |     2 |       ||     8
       Potion            |       |       |     1 |     1 ||     2
  Eat: Chunk             |     1 |     6 |     4 |     3 ||    14
       Ration            |       |       |     4 |       ||     4
Armor: Scale mail        |    77 |    77 |   110 |       ||   264
       Plate armour      |       |       |    16 |   116 ||   132
Dodge: Dodged            |    48 |    50 |    86 |    31 ||   215
Block: Shield            |    76 |   103 |   155 |   113 ||   447

Table legend:
 A = Spawn XP
 B = Non-spawn XP
 C = Spawn XP percentage of total XP
 D = Spawn monster count
 E = Non-spawn monster count
 F = Spawn count percentage of total count
 G = Total turns spent on level
                    A         B        C        D         E        F      G
               +---------+---------+-------+---------+---------+-------+---------
         Total |       0 |    7629 |   0.0 |       0 |     174 |   0.0 |  9285
               +---------+---------+-------+---------+---------+-------+---------
           D:1 |       0 |      38 |   0.0 |       0 |      23 |   0.0 |   676
           D:2 |       0 |     115 |   0.0 |       0 |      21 |   0.0 |   731
           D:3 |       0 |     311 |   0.0 |       0 |      27 |   0.0 |  1210
           D:4 |       0 |     853 |   0.0 |       0 |      22 |   0.0 |  1665
           D:5 |       0 |    1504 |   0.0 |       0 |      24 |   0.0 |  2205
           D:6 |       0 |    1805 |   0.0 |       0 |      14 |   0.0 |  1096
           D:7 |       0 |    1493 |   0.0 |       0 |      23 |   0.0 |  1176
           D:8 |       0 |    1510 |   0.0 |       0 |      20 |   0.0 |   310
               +---------+---------+-------+---------+---------+-------+---------
